 Dungeon Crawl Stone Soup version 0.31-a0-466-g98c9adc2b6 (webtiles) character file.

Game seed: 5121158130827068240

36113 pokeman the Eclecticist (level 13, -8/72 HPs)
             Began as a Deep Elf Hedge Wizard on Aug 5, 2023.
             Was a Priest of Vehumet.
             Mangled by a caustic shrike zombie (14 damage)
             ... on level 15 of the Dungeon.
             The game lasted 00:58:46 (18986 turns).

pokeman the Eclecticist (Deep Elf Hedge Wizard)    Turns: 18986, Time: 00:58:46

Health: -8/72      AC: 10    Str:  7    XL:     13   Next: 51%
Magic:  3/38       EV: 13    Int: 29    God:    Vehumet [***...]
Gold:   1015       SH:  0    Dex: 14    Spells: 27/51 levels left

rFire   . . .        z - +7 spear "Gaurey" {venom, Will+ Int+4}
rCold   . . .        (no shield)
rNeg    . . .        F - +0 steam dragon scales
rPois   +            c - +1 helmet
rElec   .            s - +0 cloak
rCorr   .            L - +0 pair of gloves
SInv    .            (no boots)
Will    ++...        p - amulet of regeneration
Stlth   +++          i - ring of flight
HPRegen 1.12/turn    N - ring of poison resistance
MPRegen 0.26/turn

%: no passive effects
@: flying
A: no striking features
a: Renounce Religion


You were on level 15 of the Dungeon.
You worshipped Vehumet.
Vehumet was most pleased with you.
You visited 3 branches of the dungeon, and saw 17 of its levels.

You collected 1015 gold pieces.

Inventory:

Hand Weapons
 z - the +7 spear "Gaurey" (weapon) {venom, Will+ Int+4}
   (You found it on level 4 of the Dungeon)

   Int:       It affects your intelligence (+4).
   Will:      It increases your willpower.
Missiles
 M - a curare-tipped dart
 S - 4 throwing nets
Armour
 c - a +1 helmet (worn)
 s - a +0 cloak (worn)
 F - +0 steam dragon scales (worn)
 L - a +0 pair of gloves (worn)
Jewellery
 i - a ring of flight (left hand)
 p - an amulet of regeneration (around neck)
 w - a ring of protection from fire
 N - a ring of poison resistance (right hand)
Wands
 R - a wand of digging (7)
 V - a wand of paralysis (5)
 W - a wand of polymorph (6)
Scrolls
 e - 14 scrolls of teleportation
 n - 4 scrolls of blinking
 G - 2 scrolls of revelation {unknown}
 I - a scroll of fog {unknown}
 K - a scroll of noise {unknown}
Potions
 b - 2 potions of brilliance {unknown}
 d - a potion of magic
 g - 4 potions of mutation {unknown}
 k - 3 potions of curing {unknown}
 l - a potion of resistance {unknown}
 m - 3 potions of might {unknown}
 q - a potion of ambrosia {unknown}
 u - 3 potions of berserk rage {unknown}
 B - a potion of enlightenment {unknown}
 D - a potion of degeneration {unknown}
 H - a potion of cancellation {unknown}
 O - a potion of heal wounds {unknown}
 T - 4 potions of attraction {unknown}


   Skills:
 + Level 4.8 Fighting
 - Level 5.0 Armour
 - Level 4.0 Dodging
 - Level 4.0 Stealth
 - Level 5.0 Shields
 * Level 19.7 Spellcasting
 + Level 11.9 Conjurations
 - Level 1.1 Summonings
 - Level 1.0 Necromancy
 - Level 1.1 Translocations
 - Level 1.0 Air Magic
 + Level 9.4 Earth Magic
 - Level 1.1 Poison Magic
 - Level 2.1 Evocations


You had 27 spell levels left.
You knew the following spells:

 Your Spells              Type           Power      Damage    Failure   Level
a - Magic Dart            Conj           100%       1d8       0%          1
b - Mephitic Cloud        Conj/Pois/Air  54%        N/A       1%          3
c - Call Imp              Summ           68%        N/A       1%          2
d - Blink                 Tloc           68%        N/A       1%          2
e - Arcjolt               Conj/Air       30%        1d40      1%          5
f - Lee's Rapid Deconstr  Erth           35%        3d18*     1%          5
g - Leda's Unmaking       Conj/Erth      37%        9d6       1%          6

Your spell library contained the following spells:

 Spells                   Type           Power      Damage    Failure   Level
 Stone Arrow              Conj/Erth      100%       3d13      1%          3
 Slow                     Hex            100%       N/A       1%          1
 Summon Small Mammal      Summ           100%       N/A       1%          1
 Cigotuvi's Dreadful Rot  Necr/Pois/Air  68%        N/A       1%          2
 Lesser Beckoning         Tloc           68%        N/A       1%          2
 Momentum Strike          Conj/Tloc      100%       3d10      1%          2
 Sublimation of Blood     Necr           34%        N/A       1%          2
 Frozen Ramparts          Ice            56%        1d9       1%          3
 Leda's Liquefaction      Hex/Erth       27%        N/A       1%          4
 Petrify                  Tmut/Erth      54%        N/A       1%          4
 Irradiate                Conj/Tmut      29%        3d21      1%          5
 Call Canine Familiar     Summ           34%        N/A       2%          3
 Vhi's Electric Charge    Tloc/Air       68%        N/A       2%          3
 Summon Guardian Golem    Hex/Summ       31%        N/A       3%          3
 Metabolic Englaciation   Hex/Ice        14%        N/A       36%         5
 Maxwell's Capacitive Co  Air            17%        ∞         100%        8


Dungeon Overview and Level Annotations

Branches:
Dungeon (15/15)            Temple (1/1) D:5            Lair (0/5) D:10
    Orc (1/2) D:9          Vaults (0/5) D:13
 Depths: D:15

Altars:
Ashenzari
Cheibriados
Dithmenos
Elyvilon
Fedhas
Gozag
Hepliaklqana
Kikubaaqudgha
Makhleb
Nemelex Xobeh
Okawaru
Qazlal
Ru
Sif Muna
Trog
Uskayaw
Vehumet
Wu Jian
Xom
Yredelemnul
Zin
The Shining One

Portals:
Trove: D:10 (give +5 fire dragon scales)

Annotations:
D:12 1 runed translucent door, Waytoxen's ghost, journeyman DrSh


Message History

Casting: Leda's Unmaking (dangerous; 1% risk of failure)
Confirm with . or Enter, or press ? or * to list all spells.
Aiming: Leda's Unmaking (dangerous; 1% risk of failure)
Press: ? - help, Shift-Dir - straight line, f/p - caustic shrike zombie
Aim: a caustic shrike zombie (heavily damaged, 64% to hit)
The entropic shot hits the caustic shrike zombie!!
The caustic shrike zombie is severely damaged.
The caustic shrike zombie claws you.
* * * LOW HITPOINT WARNING * * *
The caustic shrike zombie claws you but does no damage.
Casting: Leda's Unmaking (dangerous; 1% risk of failure)
Confirm with . or Enter, or press ? or * to list all spells.
Aiming: Leda's Unmaking (dangerous; 1% risk of failure)
Press: ? - help, Shift-Dir - straight line, f/p - caustic shrike zombie
Aim: a caustic shrike zombie (severely damaged, 64% to hit)
The entropic shot misses the caustic shrike zombie.
The caustic shrike zombie misses you.
Unknown command.
Casting: Leda's Unmaking (dangerous; 1% risk of failure)
Confirm with . or Enter, or press ? or * to list all spells.
Aiming: Leda's Unmaking (dangerous; 1% risk of failure)
Press: ? - help, Shift-Dir - straight line, f/p - caustic shrike zombie
Aim: a caustic shrike zombie (severely damaged, 64% to hit)
The entropic shot misses the caustic shrike zombie.
The caustic shrike zombie closely misses you.
The caustic shrike zombie claws you but does no damage.
Aiming: Paralyse
Press: ? - help, Shift-Dir - straight line, f/p - caustic shrike zombie
Aim: a caustic shrike zombie (severely damaged, chance to affect: 50%)
The caustic shrike zombie resists with significant effort.
The caustic shrike zombie misses you.
The caustic shrike zombie claws you but does no damage.
Aiming: Paralyse
Press: ? - help, Shift-Dir - straight line, f/p - caustic shrike zombie
Aim: a caustic shrike zombie (severely damaged, chance to affect: 50%)
The caustic shrike zombie resists with significant effort.
The caustic shrike zombie claws you!
* * * LOW HITPOINT WARNING * * *
The caustic shrike zombie claws you!
You die...

P.....###......
...............
...............
?..8...........
...............
P.8..........$.
..8....Z.......
PP.....@.......
.......<.......
....)..........
..#.#.....#....
#.. ####### ###
.. .


You could see a caustic shrike zombie.

Vanquished Creatures
  Rupert (D:13)
  Azrael (D:14)
  Harold (D:11)
  A rakshasa (D:14)
  2 boulder beetles
  2 centaur warriors (D:13)
  Erica (D:11)
  5 two-headed ogres
  A vampire mage (D:11)
  A necromancer (D:13)
  A wizard (D:13)
  An ugly thing (D:12)
  4 manticores
  6 cyclopes
  4 gargoyles
  An unseen horror (D:12)
  Psyche (D:11)
  A rime drake (D:10)
  The ghost of Xavori the Slasher, a novice DjCK of Xom (D:3)
  A kobold demonologist (D:11)
  2 komodo dragons
  4 trolls
  17 slime creatures
  30 yaks
  3 wyverns
  3 wraiths
  8 vampires
  3 fire elementals (D:14)
  14 vampire mosquitoes
  2 steam dragons
  Menkaure (D:4)
  A water moccasin (D:8)
  2 acid dragons
  3 hell hounds (D:14)
  4 ice beasts (D:10)
  A sky beast (D:7)
  2 black bears
  2 ogres (D:5)
  A wolf (D:10)
  2 phantoms (D:6)
  9 centaurs
  2 kobold brigands
  7 bullfrogs
  A gnoll sergeant (D:9)
  2 scorpions (D:5)
  5 wights (D:7)
  4 killer bees (D:9)
  A howler monkey (D:10)
  A gnoll bouda (D:7)
  An orc priest (D:7)
  2 hounds
  Crazy Yiuf (D:2)
  5 orc wizards
  A statue (D:8)
  5 adders
  15 gnolls
  A shadow imp (D:5)
  2 white imps
  An ufetubus (D:5)
  4 worms
  5 dart slugs
  22 orcs
  3 ball pythons
  5 endoplasms
  6 giant cockroaches
  8 goblins
  6 hobgoblins
  2 jackals (D:2)
  3 quokkas
  3 bats
  2 frilled lizards (D:2)
  17 kobolds
  4 rats
298 creatures vanquished.

Vanquished Creatures (collateral kills)
  A centaur warrior (D:12)
  2 wraiths (D:12)
  A yak (D:11)
  3 vampire mosquitoes
  An acid dragon (D:12)
  2 wights (D:7)
  A howler monkey (D:10)
11 creatures vanquished.

Vanquished Creatures (others)
  A vampire mosquito zombie (D:12)
  A quokka (D:14)
2 creatures vanquished.

Grand Total: 311 creatures vanquished

Notes
Turn   | Place    | Note
-------+----------+-------------------------------------------
     0 | D:1      | pokeman the Deep Elf Hedge Wizard began the quest for the
                  | Orb.
     0 | D:1      | Reached XP level 1. HP: 10/10 MP: 7/7
   421 | D:1      | Reached XP level 2. HP: 16/16 MP: 6/9
  1324 | D:2      | Reached skill level 5 in Spellcasting
  1449 | D:2      | Reached XP level 3. HP: 20/20 MP: 8/11
  1453 | D:2      | Learned a level 3 spell: Mephitic Cloud
  1456 | D:2      | Learned a level 2 spell: Call Imp
  1459 | D:2      | Learned a level 2 spell: Blink
  1725 | D:2      | Reached skill level 1 in Fighting
  1727 | D:2      | Identified the +1 robe of the Lobster {Harm Will- Dex-3
                  | Stlth+}
  1810 | D:2      | Found an ancient bone altar of Kikubaaqudgha.
  1877 | D:2      | Reached skill level 1 in Armour
  2070 | D:2      | Found a runed translucent door.
  2071 | D:2      | Noticed Crazy Yiuf
  2084 | D:2      | Killed Crazy Yiuf
  2085 | D:2      | Reached XP level 4. HP: 25/25 MP: 3/13
  2464 | D:3      | Found an ornate altar of the Wu Jian Council.
  2685 | D:3      | Found a runed translucent gate.
  2686 | D:3      | Found a runed translucent gate.
  2688 | D:3      | Found a runed translucent gate.
  3070 | D:3      | Identified the +8 whip of Invincibility {pain, rF+ rCorr
                  | Dex+2}
  3071 | D:3      | Noticed Xavori's ghost (novice DjCK)
  3380 | D:4      | Found a sacrificial altar of Ru.
  3388 | D:4      | Identified the +0 chain mail "Peismaewn" {rPois rF- Str+5}
  3562 | D:4      | Noticed Menkaure
  3570 | D:4      | Killed Menkaure
  3571 | D:4      | Reached skill level 6 in Spellcasting
  3571 | D:4      | Reached XP level 5. HP: 29/29 MP: 6/16
  3899 | D:4      | Found a shadowy altar of Dithmenos.
  4070 | D:4      | Identified the +7 spear "Gaurey" {venom, Will+ Int+4}
  4249 | D:4      | Found an opulent altar of Gozag.
  4258 | D:4      | Found a snail-covered altar of Cheibriados.
  4302 | D:5      | Entered Level 5 of the Dungeon
  4356 | D:5      | Noticed an ogre
  4364 | D:5      | Killed an ogre
  4365 | D:5      | Reached XP level 6. HP: 34/34 MP: 5/17
  4375 | D:5      | Reached skill level 7 in Spellcasting
  4465 | D:5      | Identified the +3 ring mail of the Okapi {-Tele Str+7}
  4690 | D:5      | Reached skill level 1 in Shields
  4690 | D:5      | Reached skill level 1 in Evocations
  4690 | D:5      | Reached XP level 7. HP: 38/38 MP: 15/20
  4833 | D:5      | Found a staircase to the Ecumenical Temple.
  4843 | Temple   | Entered the Ecumenical Temple
  5050 | D:6      | Reached skill level 8 in Spellcasting
  5413 | D:6      | Reached skill level 1 in Air Magic
  5413 | D:6      | Reached skill level 1 in Poison Magic
  5480 | D:6      | Identified the +0 leather armour "Nawaptev" {rN+}
  5488 | D:6      | Reached skill level 9 in Spellcasting
  5488 | D:6      | Reached XP level 8. HP: 43/43 MP: 16/23
  5900 | D:7      | Reached skill level 5 in Conjurations
  6164 | D:7      | Reached skill level 10 in Spellcasting
  6596 | D:7      | Noticed a troll
  6611 | D:7      | Killed a troll
  6612 | D:7      | Reached skill level 11 in Spellcasting
  6612 | D:7      | Reached XP level 9. HP: 21/47 MP: 16/26
  6665 | D:7      | Found a blossoming altar of Fedhas.
  7135 | D:8      | Reached skill level 12 in Spellcasting
  7501 | D:8      | Reached skill level 13 in Spellcasting
  7834 | D:8      | Found a radiant altar of Vehumet.
  7847 | D:8      | Reached skill level 1 in Earth Magic
  7852 | D:8      | Became a worshipper of Vehumet
  8010 | D:9      | Noticed a two-headed ogre
  8025 | D:9      | Killed a two-headed ogre
  8026 | D:9      | Reached XP level 10. HP: 56/56 MP: 16/29
  8337 | D:9      | Reached skill level 14 in Spellcasting
  8549 | D:9      | Found a staircase to the Orcish Mines.
  8928 | Orc:1    | Entered Level 1 of the Orcish Mines
  8964 | D:10     | Entered Level 10 of the Dungeon
  8964 | D:10     | Noticed a two-headed ogre
  8978 | D:10     | Killed a two-headed ogre
  8983 | D:10     | Reached * piety under Vehumet
  8983 | D:10     | Offered knowledge of Sandblast by Vehumet.
  9225 | D:10     | Reached skill level 15 in Spellcasting
  9259 | D:10     | Reached XP level 11. HP: 60/60 MP: 19/32
  9351 | D:10     | Found a glowing silver altar of Zin.
  9351 | D:10     | Found an ancient bone altar of Kikubaaqudgha.
  9479 | D:10     | Found a staircase to the Lair.
  9976 | D:11     | Reached skill level 5 in Earth Magic
 10189 | D:11     | Identified the +6 spear of Karma {antimagic, Dex+3}
 10423 | D:11     | Reached skill level 16 in Spellcasting
 10605 | D:11     | Noticed Harold
 10630 | D:11     | Killed Harold
 10716 | D:11     | Noticed Psyche
 10760 | D:11     | Killed Psyche
 10959 | D:11     | Noticed Erica
 10979 | D:11     | Killed Erica
 10981 | D:11     | Reached ** piety under Vehumet
 10981 | D:11     | Offered knowledge of Static Discharge by Vehumet.
 11009 | D:11     | Reached skill level 10 in Conjurations
 11213 | D:12     | Reached XP level 12. HP: 22/66 MP: 31/34
 11336 | D:12     | Reached skill level 17 in Spellcasting
 11588 | D:12     | Found a broken altar of Ashenzari.
 12089 | D:12     | Noticed a centaur warrior
 12101 | D:12     | Killed a centaur warrior
 12545 | D:12     | Found a runed translucent door.
 12545 | D:12     | Noticed Waytoxen's ghost (journeyman DrSh)
 12632 | D:13     | Noticed a two-headed ogre
 12648 | D:13     | Killed a two-headed ogre
 12966 | D:13     | Reached skill level 5 in Shields
 13062 | D:13     | Noticed Rupert
 13090 | D:13     | Reached skill level 18 in Spellcasting
 13130 | D:12     | Learned a level 5 spell: Arcjolt
 13887 | D:11     | Offered knowledge of Volatile Blastmotes by Vehumet.
 14023 | D:11     | Found a shadowy altar of Dithmenos.
 14023 | D:11     | Noticed a vampire mage
 14029 | D:11     | Killed a vampire mage
 14039 | D:11     | Learned a level 5 spell: Lee's Rapid Deconstruction
 14046 | D:11     | Learned a level 6 spell: Leda's Unmaking
 14342 | D:10     | Found a portal to a secret trove of treasure.
 14680 | D:10     | Found a hazy altar of Hepliaklqana.
 14794 | D:10     | Reached *** piety under Vehumet
 15061 | D:3      | Killed Xavori's ghost
 15468 | D:13     | Noticed a centaur warrior
 15473 | D:13     | Killed a centaur warrior
 15596 | D:13     | Noticed a boulder beetle
 15604 | D:13     | Noticed a centaur warrior
 15622 | D:13     | Killed a boulder beetle
 15623 | D:13     | Reached XP level 13. HP: 49/70 MP: 10/37
 15827 | D:13     | Reached skill level 5 in Armour
 15965 | D:13     | Reached skill level 19 in Spellcasting
 16033 | D:13     | Paralysed by Rupert for 2 turns
 16039 | D:13     | Killed Rupert
 16230 | D:13     | Found a gate to the Vaults.
 16421 | D:13     | Offered knowledge of Stone Arrow by Vehumet.
 16582 | D:14     | Noticed Azrael
 16772 | D:14     | Killed Azrael
 17452 | D:14     | Found a white marble altar of Elyvilon.
 17652 | D:14     | Reached skill level 1 in Necromancy
 18977 | D:15     | Entered Level 15 of the Dungeon
 18986 | D:15     | Mangled by a caustic shrike zombie

Illustrated notes

Levels and vault maps discovered:
D:1:      ncdulo_halloftheorcs, layout_basic, solitary_fountain,
          minmay_misc_feat_diagonals
D:2:      layout_basic, basic_altar, uniq_crazy_yiuf_cottage
D:3:      layout_basic, pf_just_have_faith, biasface_ghost_orc_armoury
D:4:      layout_basic, mainiacjoe_overflow_tiny_flanked,
          grunt_dithmenos_smoke_and_mirrors, mainiacjoe_overflow_swirl,
          uniq_menkaure
D:5:      layout_rooms, minmay_temple_entry_hall
D:6:      layout_cave_pools
D:7:      layout_loops_ring, lemuel_crystal_altar
D:8:      layout_loops_ring, vehumet_statue
D:9:      layout_loops_ring, orc_0_dummy
D:10:     layout_irregular_city, mainiacjoe_overflow_alcove_2,
          gammafunk_temple_overflow_statue, hellmonk_lair_entry_icy,
          enter_trove_1
D:11:     layout_stronghold, nicolae_nh_vlads_tower, uniq_psyche, uniq_erica,
          uniq_harold
D:12:     layout_loops_ring, ebering_ghost_reflecting_pool,
          hangedman_abyss_or_decor_jellyfish_corner, cheibrodos_ashenzari_chains
D:13:     layout_basic, david_vaults_1, uniq_rupert
D:14:     layout_loops_corners, nicolae_elevator_lobby_plus, elyvilon_altar_4,
          uniq_azrael
D:15:     gammafunk_depths_entry_grave, layout_rooms
Temple:   nicolae_temple_ecumenical_triangle
Orc:1:    layout_caves, serial_shops, nicolae_shop_real_fake_doors, shop,
          nicolae_shop_gibbet_a_chance, shop, nicolae_lakefront_shop,
          basic_altar, uniq_sonja

Skill      XL: |  1  2  3  4  5  6  7  8  9 10 11 12 13 |
---------------+----------------------------------------+-----
Spellcasting   | 5 6 7 9 11 13 15 16 18 19 | 19.7
Fighting       | 1 3 4 |  4.8
Armour         | 1 2 4 5 |  5.0
Conjurations   | 2 3 4 5 7 8 10 11 | 11.9
Dodging        | 3 4 |  4.0
Stealth        | 3 4 |  4.0
Shields        | 1 3 4 5 |  5.0
Evocations     | 1 2 |  2.1
Air Magic      | 1 |  1.0
Poison Magic   | 1 |  1.1
Earth Magic    | 1 4 6 8 9 |  9.4
Necromancy     | 1 |  1.0
Summonings     | |  1.1
Translocations | |  1.1

Action                     |  1- 3 |  4- 6 |  7- 9 | 10-12 | 13-15 || total
---------------------------+-------+-------+-------+-------+-------++-------
  Melee: Dagger            |     4 |       |       |       |       ||     4
         Broad axe         |     8 |     4 |       |       |       ||    12
         Spear             |       |    21 |   107 |   278 |     7 ||   413
         Punch             |       |       |     4 |     5 |       ||     9
         Quarterstaff      |       |       |       |   165 |       ||   165
   Cast: Magic Dart        |    86 |    80 |   160 |   115 |     3 ||   444
         Mephitic Cloud    |     1 |     7 |    31 |    81 |     4 ||   124
         Call Imp          |     1 |       |     6 |    57 |     5 ||    69
         Blink             |       |       |     2 |     4 |     1 ||     7
         Arcjolt           |       |       |       |    33 |       ||    33
         Leda's Unmaking   |       |       |       |    15 |    58 ||    73
         Lee's Rapid Decon |       |       |       |     5 |    19 ||    24
  Evoke: Wand              |       |       |       |    20 |     5 ||    25
    Use: Scroll            |       |       |       |       |    10 ||    10
   Stab: Sleeping          |     1 |     2 |       |       |       ||     3
         Confused          |       |     7 |    14 |    31 |     1 ||    53
         Distracted        |       |       |       |     1 |       ||     1
 Armour: Robe              |     3 |     3 |     3 |       |       ||     9
         Leather armour    |       |       |     7 |       |       ||     7
         Steam dragon scal |       |       |    11 |   151 |    12 ||   174
  Dodge: Dodged            |    10 |     7 |    82 |   318 |    11 ||   428

Table legend: (Time is in decaauts)
 A = Elapsed time spent in this place.
 B = Non-inter-level travel time spent in this place.
 C = Inter-level travel time spent in this place.
 D = Time resting spent in this place.
 E = Time spent auto-exploring this place.
 F = Levels seen in this place.
 G = Mean time per level.
                   A        B        C        D        E       F      G
               +--------+--------+--------+--------+--------+-----+--------+
         Total |  19239 |  17789 |   1450 |    908 |  13227 |  17 | 1131.7 |
       Dungeon |  19193 |  17746 |   1447 |    908 |  13227 |  15 | 1279.5 |
        Temple |     43 |     40 |      3 |      0 |      0 |   1 |   43.0 |
  Orcish Mines |      1 |      1 |      0 |      0 |      0 |   1 |    1.0 |
               +--------+--------+--------+--------+--------+-----+--------+

Top non-repeatable levels by time:
    D:12: 2373 daAuts
    D:14: 2095 daAuts
    D:11: 2064 daAuts
    D:13: 1659 daAuts
    D:10: 1407 daAuts
     D:3: 1308 daAuts
     D:7: 1299 daAuts
     D:1: 1202 daAuts
     D:9: 1092 daAuts
     D:4: 1046 daAuts
     D:2: 995 daAuts
     D:8: 973 daAuts
     D:6: 871 daAuts
     D:5: 795 daAuts
  Temple: 43 daAuts
